 Dungeon Crawl Stone Soup version 0.29-a0-847-g24c0ca63c9 (webtiles) character file.

Game seed: 14393948162609996407

151762 DungeonMaster the Ninja (level 17, -2/79 HPs)
             Began as a Spriggan Brigand on July 16, 2022.
             Was a High Priest of Dithmenos.
             Killed from afar by a shock serpent (20 damage)
             ... with a bolt of electricity
             ... on level 4 of the Snake Pit on July 17, 2022.
             The game lasted 02:10:42 (31480 turns).

DungeonMaster the Ninja (Spriggan Brigand)         Turns: 31480, Time: 02:10:43

Health: -2/79      AC: 11    Str:  7    XL:     17   Next: 1%
Magic:  13/18      EV: 55    Int: 17    God:    Dithmenos [*****.]
Gold:   2934       SH: 13    Dex: 35    Spells: 15/16 levels left

rFire   . . .      SeeInvis +   s - +0 dagger (venom)
rCold   . . .      Faith    .   h - +1 buckler
rNeg    . . .      Spirit   .   J - +4 troll leather armour
rPois   .          Reflect  .   A - +2 hat {Int+3}
rElec   .          Harm     .   O - scarf {shadows}
rCorr   .          Rampage  .   (gloves unavailable)
Will    ++...                   (boots unavailable) Stlth *******+++
                                y - amulet of the acrobat
HPRegen 1.03/turn               b - +6 ring of dexterity
MPRegen 0.16/turn               n - +6 ring of dexterity

@: wreathed by umbra, very quick
A: very small, no large weapons, unfitting armour, see invisible, speed 3,
robust 1, MP-powered wands
a: Renounce Religion, Shadow Step, Shadow Form


You were on level 4 of the Snake Pit.
You worshipped Dithmenos.
Dithmenos was extremely pleased with you.
You visited 5 branches of the dungeon, and saw 28 of its levels.

You collected 2985 gold pieces.
You spent 51 gold pieces at shops.

Inventory:

Hand Weapons
 a - a +4 dagger of electrocution
 d - a +7 short sword of protection
 s - a +0 dagger of venom (weapon)
 w - a +0 sling
Missiles
 f - 12 poisoned darts
 k - 24 boomerangs (quivered)
 r - 2 boomerangs of dispersal
 H - 3 silver boomerangs
 K - 2 curare-tipped darts
 W - 6 datura-tipped darts
Armour
 h - a +1 buckler (worn)
 v - a +2 robe of cold resistance
 A - a +2 hat of intelligence (worn)
 G - a +1 robe of fire resistance
 J - a +4 troll leather armour (worn)
 O - a scarf of shadows (worn)
Jewellery
 b - a +6 ring of dexterity (left hand)
 g - a ring of positive energy
 n - a +6 ring of dexterity (right hand)
 u - a +4 ring of protection
 y - an amulet of the acrobat (around neck)
 N - a +4 ring of slaying
Wands
 c - a wand of flame (22)
 p - a wand of paralysis (25)
 D - a wand of mindburst (13)
 I - a wand of roots (5)
Scrolls
 e - 4 scrolls of fear
 x - a scroll of blinking
 z - a scroll of immolation
 C - a scroll of poison
 F - a scroll of summoning
 L - 4 scrolls of teleportation
 P - a scroll of fog
 S - a scroll of silence
 U - 4 scrolls of identify
Potions
 i - a potion of brilliance
 j - 3 potions of berserk rage
 l - 10 potions of curing
 m - 2 potions of heal wounds
 o - 3 potions of haste
 q - a potion of cancellation
 t - 2 potions of invisibility
 B - a potion of resistance
 E - a potion of might
Miscellaneous
 T - a lightning rod (1/4)
 V - a box of beasts (inert)
 Y - a condenser vane (inert)


   Skills:
 - Level 1.5 Fighting
 - Level 10.0 Short Blades
 - Level 2.0 Throwing
 - Level 10.1 Armour
 * Level 25.4 Dodging
 O Level 27 Stealth
 - Level 9.7 Shields


You had 15 spell levels left.
You knew the following spells:

 Your Spells              Type           Power      Damage    Failure   Level
a - Apportation           Tloc           0%         N/A       47%         1

Your spell library contained the following spells:

 Spells                   Type           Power      Damage    Failure   Level
 Foxfire                  Conj/Fire      0%         2x1d4     47%         1
 Freeze                   Ice            0%         1d3       47%         1
 Necrotise                Necr           0%         1d4       47%         1
 Shock                    Conj/Air       0%         1d3       47%         1
 Sting                    Tmut/Pois      0%         1d3       47%         1
 Summon Small Mammal      Summ           0%         N/A       47%         1
 Ensorcelled Hibernation  Hex/Ice        0%         N/A       63%         2
 Passwall                 Tmut/Erth      0%         N/A       63%         2
 Poisonous Vapours        Pois/Air       0%         N/A       63%         2
 Static Discharge         Conj/Air       0%         3-3/arc   63%         2
 Conjure Flame            Conj/Fire      0%         6-21      85%         3
 Dazzling Flash           Conj/Hex       0%         N/A       85%         3
 Frozen Ramparts          Ice            0%         1d2       85%         3
 Inner Flame              Hex/Fire       0%         N/A       85%         3
 Ozocubu's Armour         Ice            0%         N/A       85%         3
 Stone Arrow              Conj/Erth      0%         3d7       85%         3
 Swiftness                Air            0%         N/A       85%         3
 Airstrike                Air            0%         0-1+      99%         4
 Animate Armour           Summ/Erth      0%         N/A       99%         4
 Corpse Rot               Necr/Pois/Air  0%         N/A       99%         4
 Dispel Undead            Necr           0%         3d6       99%         4
 Flame Wave               Conj/Fire      0%         2d4       99%         4
 Fulminant Prism          Conj/Hex       0%         3d6       99%         4
 Hailstorm                Conj/Ice       0%         3d3       99%         4
 Ice Form                 Ice/Tmut       0%         N/A       99%         4
 Iskenderun's Mystic Bla  Conj/Tloc      0%         2d3       99%         4
 Olgreb's Toxic Radiance  Pois           0%         N/A       99%         4
 Petrify                  Tmut/Erth      0%         N/A       99%         4
 Sticky Flame             Conj/Fire      0%         2d3       99%         4
 Summon Ice Beast         Ice/Summ       0%         N/A       99%         4
 Blade Hands              Tmut           0%         N/A       100%        5
 Lee's Rapid Deconstruct  Erth           0%         3d5*      100%        5
 Metabolic Englaciation   Hex/Ice        0%         N/A       100%        5
 Death Channel            Necr           0%         N/A       100%        6
 Dispersal                Tloc           0%         N/A       100%        6
 Iron Shot                Conj/Erth      0%         9d1       100%        6
 Simulacrum               Ice/Necr       0%         N/A       100%        6
 Starburst                Conj/Fire      0%         6d3       100%        6
 Statue Form              Tmut/Erth      0%         N/A       100%        6
 Disjunction              Tloc           0%         N/A       100%        8
 Lehudib's Crystal Spear  Conj/Erth      0%         10d2      100%        8


Dungeon Overview and Level Annotations

Branches:
Dungeon (15/15)            Temple (1/1) D:7            Lair (6/6) D:11
  Swamp (0/4) Lair:4        Snake (4/4) Lair:4        Slime (0/5) Lair:5
    Orc (2/2) D:11            Elf (0/3) Orc:2        Vaults (0/5) D:14
 Depths (0/4) D:15

Altars:
Ashenzari
Cheibriados
Dithmenos
Fedhas
Gozag
Hepliaklqana
Kikubaaqudgha
Makhleb
Nemelex Xobeh
Okawaru
Qazlal
Ru
Sif Muna
Trog
Uskayaw
Vehumet
Wu Jian
Xom
Yredelemnul
Zin
The Shining One

Shops:
D:10 =?!(:   Orc:2 **[!:[:([

Annotations:
D:3 exclusions: orc and orc priest
D:4 3 runed translucent doors, exclusion: 2 doors, Rupert's ghost, amateur DrFi
D:5 exclusion: door
D:8 1 runed translucent door
D:9 exclusions: 4 killer bees, queen bee and 1 more exclusion
D:12 1 runed translucent door, Hokah's ghost, journeyman FeEn
Lair:1 exclusions: hydra and 3 vampire mosquitoes
Lair:2 1 exclusion
Lair:3 1 runed translucent door
Orc:1 3 runed translucent doors, Irottois's ghost, adept GrBe


Innate Abilities, Weirdness & Mutations

You are very small and have problems with some larger weapons.
You are too small for most types of armour.
You have supernaturally acute eyesight. (SInv)
You cover ground extremely quickly. (Speed+++)
You are robust. (+10% HP)
You expend magic power (3 MP) to strengthen your wands.


Message History

The shock serpent appears confused.
The shock serpent bites itself.
The shock serpent is engulfed in noxious fumes.
The shock serpent appears confused.
The shock serpent is engulfed in noxious fumes.
The shock serpent is engulfed in noxious fumes.
The shock serpent appears confused.
You see here a black mamba corpse.
You open the door.
There is an open door here.
The lindwurm roars!
The shock serpent hisses angrily.
The lindwurm completely misses you. x3; You block the shock serpent's attack.
Things that are here:
a +0 scimitar; a +0 shortbow You hit the shock serpent.
The shock serpent is moderately wounded.
The lindwurm breathes flames at you. The blast of flame misses you.
You block the shock serpent's attack.
Your +4 dagger of electrocution stops crackling.
Your +0 dagger of venom begins to drip with poison!
s - a +0 dagger of venom (weapon)
You hit the shock serpent but do no damage.
The shock serpent is poisoned.
The shock serpent is moderately wounded.
The lindwurm completely misses you. You block the lindwurm's attack. x2
The shock serpent shoots out a bolt of lightning at you!
The bolt of electricity hits you!
You hear an angry hiss.
You strike the helpless shock serpent from behind!
You perforate the shock serpent like a sieve!!!!
You kill the shock serpent!
Dithmenos accepts your kill.
The air sparks with electricity, shocking you!
* * * LOW HITPOINT WARNING * * *
You hear an angry hiss.
As you read the scroll of fear, it crumbles to dust.
You assume a fearsome visage.
The lindwurm looks frightened!
The shock serpent resists with some effort.
The shock serpent shoots out a bolt of lightning at you!
The bolt of electricity hits you!!
You die...

###### ###..S.### ##..§S.S..##
#..≈§§≈≈≈..## ...≈§§§≈≈≈..#
.≈≈N§§§≈≈§≈.## ##### ###
.≈≈§§≈≈≈≈≈≈..###...## ##..
≈≈≈≈≈≈§≈≈≈≈§.##)....## ##†..
≈≈§≈§≈≈≈≈≈§≈)#..@....# ##....
≈≈≈≈§≈≈≈≈≈§≈SS)k).[..# #.....
≈≈≈§§≈≈≈§≈§≈S#.......# #.....
§≈≈≈§§§≈≈≈§.§##.....##### #.....
.≈≈≈§≈≈§≈≈§.##)#...##...####.....
.§§§§≈≈§≈≈..#.†'#####'#..........
#,,§§≈§≈≈S.##...#≈≈≈..######.....
##,.§§SS).##...##≈≈≈).# ##....
.###....###...##≈≈≈..## #..)?.


You could see a shock serpent, a lindwurm (fleeing), a mana viper and a black
mamba (wandering).

Vanquished Creatures
  Gastronok (D:9)
  4 nagarajas
  4 orc warlords
  Nessos (Orc:2)
  A stone giant (D:15)
  An ettin (Orc:2)
  9 hydras
  A rakshasa (D:15)
  An ogre mage (D:13)
  5 centaur warriors
  A salamander tyrant (Snake:4)
  12 anacondas
  2 boulder beetles
  6 naga warriors
  A catoblepas (Lair:4)
  7 two-headed ogres
  12 naga sharpshooters
  7 shock serpents
  6 orc high priests (Orc:2)
  7 skeletal warriors
  2 salamander mystics (Snake:4)
  5 naga ritualists
  4 lindwurms (Snake:4)
  16 mana vipers
  9 orc knights
  A necromancer (Lair:4)
  2 wolf spiders
  4 orc sorcerers
  4 cyclopes
  A manticore (D:11)
  9 salamanders
  An oklob plant (Lair:6)
  6 ugly things (D:15)
  15 elephants
  7 guardian serpents
  7 naga magi
  Maurice (D:8)
  33 black mambas
  A kobold demonologist (D:13)
  A torpor snail (Lair:6)
  11 cane toads
  5 rime drakes
  Psyche (D:8)
  An unseen horror (D:12)
  9 komodo dragons
  8 trolls
  3 raiju (Lair:6)
  10 polar bears
  7 dream sheep
  12 slime creatures
  Prince Ribbit (Lair:3)
  27 blink frogs
  2 shadows
  A water elemental (D:15)
  2 vampires
  29 yaks
  An air elemental (D:14)
  7 wyverns
  5 basilisks
  A human (shapeshifter) (D:15)
  23 nagas
  10 vampire mosquitoes
  15 wargs
  12 hell hounds (Lair:6)
  17 water moccasins
  An acid dragon (D:14)
  5 sky beasts
  13 black bears
  An ice beast (D:7)
  51 orc warriors
  A black bear (shapeshifter) (D:14)
  6 ogres
  16 wolves
  13 centaurs
  A phantom (D:6)
  A kobold brigand (D:9)
  14 bullfrogs
  3 scorpions
  3 killer bees (D:10)
  3 electric eels
  6 howler monkeys
  3 lava snakes (Lair:6)
  18 orc priests
  3 jellies
  3 gnoll boudas
  An iguana (D:5)
  21 orc wizards
  5 polar bear simulacra (Lair:4)
  4 wolf simulacra (Lair:4)
  9 gnolls
  6 adders
  3 white imps
  3 ufetubi
  5 worms
  2 dart slugs
  99 orcs
  5 bats (D:1)
  9 endoplasms
  4 giant cockroaches
  3 hobgoblins
  2 jackals (D:3)
  8 kobolds
  3 quokkas
  7 ball pythons
  9 frilled lizards
  8 goblins
  6 rats
  2 river rat simulacra (Lair:4)
827 creatures vanquished.

Vanquished Creatures (collateral kills)
  A shock serpent (Snake:4)
  A mana viper (Snake:4)
  A blink frog (Lair:3)
  A water moccasin (Lair:3)
  5 wolves (Lair:3)
  A bullfrog (Lair:3)
10 creatures vanquished.

Vanquished Creatures (others)
  A warg (Orc:2)
  An orc (Orc:2)
  79 fungi
  109 plants
  8 toadstools (Lair:3)
198 creatures vanquished.

Grand Total: 1035 creatures vanquished

Notes
Turn   | Place    | Note
-------+----------+-------------------------------------------
     0 | D:1      | DungeonMaster the Spriggan Brigand began the quest for the
                  | Orb.
     0 | D:1      | Reached XP level 1. HP: 10/10 MP: 2/2
    60 | D:1      | Reached skill level 6 in Stealth
   182 | D:1      | Reached XP level 2. HP: 9/14 MP: 3/3
   595 | D:1      | Reached skill level 7 in Stealth
  1212 | D:2      | Reached XP level 3. HP: 14/18 MP: 4/4
  1579 | D:2      | Reached skill level 8 in Stealth
  2096 | D:3      | Reached XP level 4. HP: 22/22 MP: 5/5
  2278 | D:3      | Reached skill level 9 in Stealth
  2555 | D:3      | Found a sacrificial altar of Ru.
  2616 | D:3      | Identified a scroll of acquirement
  2616 | D:3      | Acquired a manual of Stealth
  2634 | D:3      | Found a faded altar of an unknown god.
  2715 | D:3      | Identified the +1 falchion "Qentiqiy" {spect, *Slow rPois
                  | rCorr Str+2}
  3226 | D:4      | Got Ukiniaf's Teachings on Left-Handed Magicks and
                  | Transmigration
  3312 | D:4      | Reached skill level 10 in Stealth
  3312 | D:4      | Reached XP level 5. HP: 25/25 MP: 6/6
  3331 | D:4      | Found a runed translucent gate.
  3331 | D:4      | Found a runed translucent gate.
  3331 | D:4      | Found a runed translucent gate.
  3331 | D:4      | Noticed Rupert's ghost (amateur DrFi)
  3333 | D:4      | Found a basalt altar of Yredelemnul.
  3760 | D:4      | Reached skill level 11 in Stealth
  3873 | D:5      | Entered Level 5 of the Dungeon
  3884 | D:5      | Reached skill level 12 in Stealth
  3936 | D:5      | Reached XP level 6. HP: 30/30 MP: 7/7
  3945 | D:5      | Reached skill level 13 in Stealth
  3984 | D:5      | Found a burning altar of Makhleb.
  4095 | D:5      | Reached skill level 14 in Stealth
  4226 | D:5      | Found a radiant altar of Vehumet.
  4285 | D:5      | Reached skill level 15 in Stealth
  4313 | D:5      | Found an iron altar of Okawaru.
  4356 | D:5      | Reached XP level 7. HP: 33/33 MP: 8/8
  4561 | D:6      | Reached skill level 16 in Stealth
  4710 | D:6      | Found a blossoming altar of Fedhas.
  4718 | D:6      | Reached skill level 17 in Stealth
  4732 | D:6      | Reached skill level 18 in Stealth
  4986 | D:6      | Reached skill level 19 in Stealth
  5220 | D:6      | Found a snail-covered altar of Cheibriados.
  5238 | D:6      | Reached XP level 8. HP: 37/37 MP: 9/9
  5956 | D:7      | Reached skill level 20 in Stealth
  6209 | D:7      | Found a glowing silver altar of Zin.
  6270 | D:7      | Identified the +1 ring mail of Tartarus {Will+ Stlth+}
  6520 | D:7      | Reached skill level 21 in Stealth
  6839 | D:7      | Found a staircase to the Ecumenical Temple.
  6905 | Temple   | Entered the Ecumenical Temple
  6928 | Temple   | Became a worshipper of Dithmenos the Shadowed
  7003 | D:8      | Noticed a green ugly thing
  7003 | D:8      | Noticed a slime creature
  7003 | D:8      | Noticed a cyclops
  7003 | D:8      | Noticed an unseen horror
  7003 | D:8      | Noticed a troll
  7027 | D:8      | Noticed a manticore
  7027 | D:8      | Noticed a tengu warrior
  7027 | D:8      | Noticed a manticore
  7027 | D:8      | Noticed a boulder beetle
  7027 | D:8      | Noticed a slime creature
  7168 | D:8      | Noticed Psyche
  7175 | D:8      | Killed Psyche
  7176 | D:8      | Reached skill level 22 in Stealth
  7176 | D:8      | Reached XP level 9. HP: 41/41 MP: 10/10
  7209 | D:8      | Noticed Maurice
  7214 | D:8      | Killed Maurice
  7566 | D:8      | Reached skill level 23 in Stealth
  7647 | D:8      | Found a runed translucent door.
  7648 | D:8      | Noticed a sixfirhy
  7855 | D:9      | Found a bloodstained altar of Trog.
  7986 | D:9      | Identified the +1 ring mail of the Gastropod {Str-4 Int+3
                  | Dex+9}
  7990 | D:9      | Found a hide-covered altar of Uskayaw.
  8083 | D:9      | Noticed a two-headed ogre
  8138 | D:9      | Killed a two-headed ogre
  8139 | D:9      | Reached skill level 24 in Stealth
  8209 | D:9      | Noticed a queen bee
  8240 | D:9      | Found an opulent altar of Gozag.
  8318 | D:9      | Reached XP level 10. HP: 46/46 MP: 11/11
  8323 | D:9      | Reached skill level 25 in Stealth
  8361 | D:9      | Noticed Gastronok
  8365 | D:9      | Killed Gastronok
  8701 | D:9      | Reached skill level 26 in Stealth
  8788 | D:9      | Reached * piety under Dithmenos
  8918 | D:10     | Entered Level 10 of the Dungeon
  8918 | D:10     | Found Pepnoigu's Distillery.
  8980 | D:10     | Found Veajuimi's Jewellery Shop.
  9059 | D:10     | Found Nilu Elu's Magic Scroll Shop.
  9067 | D:10     | Bought a scroll of teleportation for 51 gold pieces
  9097 | D:10     | Found Ymopt's Antique Weapon Emporium.
  9149 | D:10     | Found Beostr Ditoo's Book Shop.
  9356 | D:10     | Found a shimmering blue altar of Sif Muna.
  9356 | D:10     | Found a hazy altar of Hepliaklqana.
  9620 | D:11     | Noticed a five-headed hydra
  9679 | D:11     | Noticed a manticore
  9680 | D:11     | Killed a manticore
  9751 | D:11     | Found a staircase to the Lair.
  9810 | D:11     | Reached skill level 27 in Stealth
 10138 | D:11     | Noticed a six-headed hydra
 10145 | D:11     | Killed a six-headed hydra
 10146 | D:11     | Reached skill level 5 in Short Blades
 10146 | D:11     | Reached XP level 11. HP: 49/49 MP: 12/12
 10156 | D:11     | Reached ** piety under Dithmenos
 10194 | D:11     | Found a staircase to the Orcish Mines.
 10472 | D:11     | You fall into a shaft and drop 3 floors!
 10476 | D:14     | Noticed a centaur warrior
 10481 | D:14     | Noticed a centaur warrior
 10486 | D:14     | Noticed a centaur warrior
 10487 | D:14     | Noticed a +4 long sword
 10488 | D:14     | Noticed a +4 long sword
 10490 | D:14     | HP: 2/49 [centaur/arrow[a centaur warrior] (7)]
 10947 | D:11     | Reached skill level 5 in Dodging
 11229 | D:11     | Killed a five-headed hydra
 11496 | D:12     | Noticed a skeletal warrior
 11516 | D:12     | Noticed a skeletal warrior
 11522 | D:12     | Noticed a skeletal warrior
 11523 | D:12     | Killed a skeletal warrior
 11588 | Lair:1   | Entered Level 1 of the Lair of Beasts
 11669 | Lair:1   | Noticed an eight-headed hydra
 11841 | Lair:2   | Reached skill level 10 in Dodging
 11869 | Lair:2   | Reached *** piety under Dithmenos
 13074 | Lair:2   | Noticed a lindwurm
 13178 | Lair:2   | Reached XP level 12. HP: 53/53 MP: 13/13
 13497 | Lair:3   | Noticed Prince Ribbit
 13505 | Lair:3   | Killed Prince Ribbit
 13551 | Lair:3   | Reached **** piety under Dithmenos
 13569 | Lair:3   | Noticed an eight-headed hydra
 13575 | Lair:3   | Killed an eight-headed hydra
 13603 | Lair:3   | Found a gate leading to a gauntlet.
 13759 | Lair:3   | Reached skill level 15 in Dodging
 13788 | Lair:3   | Noticed a four-headed hydra
 14041 | Lair:3   | Noticed a dire elephant
 14041 | Lair:3   | Noticed a dire elephant
 14061 | Lair:3   | Found a runed translucent door.
 14197 | Lair:4   | Found a staircase to the Swamp.
 14579 | Lair:4   | Found a staircase to the Snake Pit.
 14610 | Lair:4   | Noticed a catoblepas
 14684 | Lair:5   | Noticed a boulder beetle
 14700 | Lair:5   | Killed a boulder beetle
 14766 | Lair:5   | Noticed a seven-headed hydra
 14783 | Lair:5   | Killed a seven-headed hydra
 14791 | Lair:5   | Found a glowing golden altar of the Shining One.
 15172 | Lair:5   | Reached XP level 13. HP: 50/57 MP: 14/14
 15471 | Lair:5   | Found a staircase to the Slime Pits.
 15930 | Lair:6   | Entered Level 6 of the Lair of Beasts
 16273 | Lair:6   | Reached ***** piety under Dithmenos
 17882 | Lair:6   | Identified the +1 chain mail of Good Intentions {rElec
                  | rCorr Str-4}
 18178 | Orc:1    | Entered Level 1 of the Orcish Mines
 18234 | Orc:1    | Found a radiant altar of Vehumet.
 18327 | Orc:1    | Found a runed translucent gate.
 18329 | Orc:1    | Found the +3 hat of Pondering {ponderous, Will+ MP+10
                  | Int+5}
 18331 | Orc:1    | Found a runed translucent gate.
 18331 | Orc:1    | Found a runed translucent gate.
 18351 | Orc:1    | Noticed Irottois's ghost (adept GrBe)
 18439 | Orc:1    | Reached XP level 14. HP: 61/61 MP: 15/15
 19326 | Orc:1    | Noticed an orc warlord
 20068 | Orc:1    | Noticed an orc warlord
 20100 | Orc:1    | Identified the +1 shadow dragon scales of Zaykool {*Corrode
                  | rPois rF+++ Will+ Stlth++++}
 20104 | Orc:1    | Killed an orc warlord
 20132 | Orc:1    | Reached skill level 10 in Short Blades
 20191 | Orc:1    | Reached skill level 1 in Shields
 20249 | Orc:1    | Reached ****** piety under Dithmenos
 20423 | Orc:2    | Entered Level 2 of the Orcish Mines
 20427 | Orc:2    | Found Kyreyryh's Assorted Antiques.
 20441 | Orc:2    | Found a staircase to the Elven Halls.
 20577 | Orc:2    | Found Patash's Armour Shoppe.
 20772 | Orc:2    | Noticed an orc warlord
 20774 | Orc:2    | Killed an orc warlord
 21088 | Orc:2    | Found Ypnamouj's General Store.
 21089 | Orc:2    | Noticed an orc warlord
 21199 | Orc:1    | Killed an orc warlord
 21200 | Orc:1    | Reached skill level 5 in Shields
 21260 | Orc:1    | Killed an orc warlord
 21526 | Orc:2    | Found Fury Hia's Distillery.
 21537 | Orc:2    | Noticed Nessos
 21587 | Orc:2    | Gained mutation: You are occasionally teleported next to
                  | monsters. [a neqoxec]
 21591 | Orc:2    | Killed Nessos
 21890 | Orc:2    | Found Meametef's Antique Armour Boutique.
 21891 | Orc:2    | Found Eveate's Book Shoppe.
 21927 | Orc:2    | Found Mupsirr's Antique Weapon Emporium.
 22012 | Orc:2    | Found Noevuxto's Book Emporium.
 22221 | Orc:2    | Found Soijano's Antique Armour Boutique.
 22479 | D:12     | Found an ancient bone altar of Kikubaaqudgha.
 22899 | D:12     | Found a runed translucent door.
 22900 | D:12     | Identified the +6 trident of Mutigeosk {vorpal, *Rage
                  | Fragile rF+++ rCorr}
 22902 | D:12     | Noticed Hokah's ghost (journeyman FeEn)
 23444 | D:13     | Reached XP level 15. HP: 65/65 MP: 16/16
 24045 | D:14     | Found a gate to the Vaults.
 24510 | D:15     | Entered Level 15 of the Dungeon
 24684 | D:15     | Found a bloodstained altar of Trog.
 24825 | D:15     | Found a staircase to the Depths.
 24874 | D:15     | Lost mutation: You are occasionally teleported next to
                  | monsters. [potion of mutation]
 24874 | D:15     | Gained mutation: You are robust. (+10% HP) [potion of
                  | mutation]
 24874 | D:15     | Gained mutation: You expend magic power (3 MP) to
                  | strengthen your wands. [potion of mutation]
 24881 | D:15     | Acquired a manual of Armour
 25371 | D:15     | Reached skill level 1 in Armour
 26014 | D:15     | Learned a level 1 spell: Apportation
 26501 | Lair:4   | Reached skill level 5 in Armour
 27384 | Snake:1  | Entered Level 1 of the Snake Pit
 27658 | Snake:1  | You fall into a shaft and drop 1 floor!
 27715 | Snake:2  | Found an ancient bone altar of Kikubaaqudgha.
 27819 | Snake:3  | Noticed a nagaraja
 28633 | Snake:2  | Reached skill level 10 in Armour
 28633 | Snake:2  | Reached XP level 16. HP: 68/75 MP: 17/17
 30217 | Snake:4  | Entered Level 4 of the Snake Pit
 30294 | Snake:4  | Found a snail-covered altar of Cheibriados.
 31464 | Snake:4  | Reached XP level 17. HP: 41/79 MP: 11/18
 31480 | Snake:4  | Killed from afar by a shock serpent

Illustrated notes

Levels and vault maps discovered:
D:1:      kilobyte_arrival_exit_the_forest, layout_rooms,
          wander_ebering_terrifying_dragon_lair
D:2:      layout_loops_ring
D:3:      layout_loops_cross, mainiacjoe_overflow_paths,
          dreamdust_ecumenical_altar_angels_and_demons
D:4:      layout_loops_ring, nicolae_yredelemnul_ghost_church, feat_on_display
D:5:      layout_gridville, lemuel_tele_altar, okawaru_altar_gauntlet_db,
          old_standard_altar, grunt_ministairs_4
D:6:      layout_basic, fedhas_altar_fruit_tree, cheibrodos_worm_habitat
D:7:      layout_rooms, mainiacjoe_overflow_tiny_flanked,
          minmay_temple_entry_junction_2, minmay_quadrilaterals
D:8:      cheibrodos_shockbox, layout_basic, wad_floor_pattern_untrapped,
          minivault_12, uniq_psyche, uniq_maurice
D:9:      layout_loops_ring, lemuel_crystal_altar, lemuel_doored_altar,
          mainiacjoe_overflow_brackets, nicolae_elyvilon_temple_path,
          special_room [special_room_bee], uniq_gastronok
D:10:     layout_long_grid, gammafunk_temple_overflow_wave, serial_shops,
          nicolae_shop_advertising_works [nicolae_subvault_shop_adworks], shop,
          shop, shop, nicolae_diamond_shop
D:11:     layout_loops_cross, erik_lair_orcish_takeover, hiddenorc2_lemuel
D:12:     layout_loops_ring, ebering_ghost_funeral_grove,
          kiku_gazebo_pond_becter
D:13:     layout_gridville
D:14:     layout_roguey, erik_vaults_1, hangedman_decor_slide_cut,
          dreamdust_looks_like_rain
D:15:     grunt_enter_depths_giant_problem, layout_layer_cave,
          serial_bayou_shore_a, bloody_trog
Temple:   nicolae_temple_ecumenical_triangle
Lair:1:   layout_gridlike, chequers_serial_rivers_micro_c, pond
Lair:2:   layout_chaotic_city, nicolae_volcano_entry_vermiform,
          grunt_megastairs_5
Lair:3:   gammafunk_lair_enchanted_lake, layout_cave_shapes,
          gauntlet_entry_generic, grunt_megastairs_4, lemuel_fruit_tree,
          uniq_prince_ribbit2
Lair:4:   layout_cave_pods, minmay_swamp_entry_swarm,
          guppyfry_snake_entry_island, eino_house_with_fridge,
          serial_bayou_shore_b, serial_bayou_shore_b, grunt_megastairs_3
Lair:5:   layout_layer_cave, dpeg_slime_entry_enclosed, basic_altar,
          serial_bayou, serial_bayou_lagoon_b, serial_bayou_lagoon_a,
          serial_bayou_lake_a, serial_bayou_pond_a, serial_bayou_pond_d,
          serial_bayou_pond_c
Lair:6:   hangedman_lair_caniforms_friends, layout_regular_city, serial_bayou,
          serial_bayou_pond_a, serial_bayou_pond_e, serial_bayou_pond_e,
          serial_bayou_pond_d, nicolae_lair_liquid_snakes
Snake:1:  layout_onion, nicolae_snake_serpentine_bazaar, minmay_shop_grove
Snake:2:  kennysheep_snake, layout_basic, basic_altar, uniq_saint_roka
Snake:3:  layout_rooms
Snake:4:  snake_pit_salamanders_mu, layout_gridlike, basic_altar,
          portal_ice_cave_entry_dragon, uniq_louise, uniq_agnes
Orc:1:    layout_caves, basic_altar, gammafunk_ghost_split, minmay_orc_treasury
Orc:2:    grunt_orc_gardens, layout_diamond_mine, grunt_orc_garden,
          grunt_orc_garden, grunt_orc_garden, grunt_orc_garden, serial_shops,
          shop, nicolae_shop_hallway_plus, nicolae_square_shop,
          nicolae_diamond_shop, shop, hellmonk_guarded_unrand_dark_maul,
          uniq_nessos

Skill      XL: |  1  2  3  4  5  6  7  8  9 10 11 12 13 14 15 16 |
---------------+-------------------------------------------------+-----
Stealth        | 6 7 8 10 12 15 19 22 24 27 | 27.0
Short Blades   | 5 8 10 | 10.0
Dodging        | 12 18 21 25 | 25.4
Shields        | 8 9 |  9.7
Armour         | 10 | 10.1
Fighting       | |  1.5
Throwing       | |  2.0

Action                   |  1- 3 |  4- 6 |  7- 9 | 10-12 | 13-15 | 16-18 || total
-------------------------+-------+-------+-------+-------+-------+-------++-------
Melee: Dagger            |    75 |    66 |       |   196 |  2084 |   631 ||  3052
       Short sword       |       |    36 |   159 |   499 |    46 |       ||   740
Throw: Dart              |    29 |    37 |    51 |    79 |    78 |       ||   274
       Stone             |       |       |     3 |       |       |       ||     3
       Boomerang         |       |       |       |     4 |    20 |     5 ||    29
       Throwing net      |       |       |       |       |     3 |       ||     3
Invok: Shadow Step       |       |       |       |       |     9 |    10 ||    19
Evoke: Wand              |       |     5 |    11 |    49 |    12 |       ||    77
       Lightning rod     |       |       |       |       |     8 |     6 ||    14
       Box of beasts     |       |       |       |       |     2 |     1 ||     3
       Condenser vane    |       |       |       |       |     1 |     1 ||     2
  Use: Scroll            |    10 |     6 |     4 |     9 |    13 |     4 ||    46
       Potion            |       |       |       |       |     2 |     9 ||    11
 Stab: Sleeping          |    19 |    27 |    29 |    40 |   123 |    45 ||   283
       Distracted        |       |     1 |       |     6 |    15 |     6 ||    28
       Paralysed         |       |       |     2 |     2 |       |       ||     4
       Held in net/web   |       |       |       |       |     6 |       ||     6
       Confused          |       |       |       |       |       |     1 ||     1
Armor: Robe              |    11 |     5 |    19 |       |       |       ||    35
       Troll leather arm |       |       |       |    70 |    66 |    12 ||   148
Dodge: Dodged            |    50 |    44 |    77 |   719 |  1743 |   504 ||  3137
Block: Buckler           |    13 |    34 |    44 |   298 |   910 |   320 ||  1619

Table legend: (Time is in decaauts)
 A = Elapsed time spent in this place.
 B = Non-inter-level travel time spent in this place.
 C = Inter-level travel time spent in this place.
 D = Time resting spent in this place.
 E = Time spent auto-exploring this place.
 F = Levels seen in this place.
 G = Mean time per level.
                   A        B        C        D        E       F      G
               +--------+--------+--------+--------+--------+-----+--------+
         Total |  21898 |  21187 |    711 |   3019 |   8656 |  28 |  782.1 |
       Dungeon |  10673 |  10251 |    422 |   1236 |   5455 |  15 |  711.5 |
        Temple |     24 |     14 |     10 |      0 |      7 |   1 |   24.0 |
          Lair |   5424 |   5198 |    226 |    342 |   2292 |   6 |  904.0 |
     Snake Pit |   2803 |   2788 |     15 |    713 |    259 |   4 |  700.8 |
  Orcish Mines |   2972 |   2935 |     37 |    727 |    642 |   2 | 1486.0 |
               +--------+--------+--------+--------+--------+-----+--------+

Top non-repeatable levels by time:
   Orc:1: 1780 daAuts
  Lair:6: 1466 daAuts
   Orc:2: 1192 daAuts
    D:11: 1174 daAuts
  Lair:4: 1042 daAuts
    D:15: 1012 daAuts
  Lair:5: 990 daAuts
     D:6: 961 daAuts
 Snake:2: 872 daAuts
     D:7: 862 daAuts
 Snake:4: 854 daAuts
     D:1: 779 daAuts
     D:9: 769 daAuts
     D:2: 726 daAuts
     D:3: 679 daAuts
